AoeStats
← TKDanis

African Clearing

510719237Analyzed
2v2 RM · 15h ago on Oct 2, 2026· 28m 42s· 4 players
Game mode
Random Map
Map size
Medium (4 player)
Population
200
Speed
Normal
Resources
Standard
Victory
Conquest
Starting age
Dark Age
Ending age
Imperial Age
RankedLock teamsTeams togetherTeam positionsShared explorationLock speedFull tech treeHidden civsTurbo modeCheats
Victory
Defeat
🇨🇳 Spanish · China
1027
+12
🇨🇳 Varangians · China
997
+13
🇪🇸 Magyars · Spain
991
-14
🇨🇿 Franks · Czechia
889
-11
Noxorus
4:31 Loom
14:27 Feudal Age
15:58 Double-Bit Axe
17:15 Horse Collar
19:19 Bloodlines
19:16 Scale Barding Armor
23:04 Castle Age
23:10 Fletching
23:15 Stone Mining
26:19 Elite Skirmisher
28:15 Bodkin Arrow
mojro
13:27 Feudal Age
13:58 Double-Bit Axe
21:11 Castle Age
19:54 Loom
20:48 Wheelbarrow
21:17 Scale Barding Armor
21:25 Forging
25:53 Hand Cart
26:23 Light Cavalry
27:29 Chain Barding Armor
26:36 Pikeman
TKDanis
14:37 Feudal Age
13:08 Loom
18:28 Castle Age
16:30 Horse Collar
18:04 Forging
19:30 Double-Bit Axe
19:49 Heavy Plow
21:26 Iron Casting
酥凉
14:35 Feudal Age
18:33 Castle Age
17:02 Double-Bit Axe
18:38 Loom
25:37 Padded Archer Armor
Connection lost

Rejoining the realm…

Still unreachable

The connection could not be restored.

Session expired

The server has moved on; the page needs a fresh start.